 Dungeon Crawl Stone Soup version 0.27-a0-416-gca2cecf3c0 (webtiles) character file.

Game seed: 18397754368486959377

18 pkoi the Ruffian (level 2, -5/25 HPs)
             Began as a Minotaur Gladiator on Feb 25, 2021.
             Slain by a gnoll
             ... wielding a +0 whip
              (11 damage)
             ... on level 2 of the Dungeon.
             The game lasted 00:00:50 (1132 turns).

pkoi the Ruffian (Minotaur Gladiator)               Turns: 1132, Time: 00:00:51

Health: -5/25      AC:  3    Str: 18    XL:     2   Next: 48%
Magic:  1/1        EV: 12    Int:  5    God:
Gold:   54         SH:  0    Dex: 11    Spells: 1/1 levels left

rFire    . . .     SeeInvis .     - Unarmed
rCold    . . .     Faith    .   (no shield)
rNeg     . . .     Spirit   .   a - +0 leather armour
rPois    .         Reflect  .   b - +0 hat
rElec    .         Harm     .   (no cloak)
rCorr    .         Rampage  .   (no gloves)
Will     .....                  (no boots)
Stlth    +.........             (no amulet)
HPRegen  0.08/turn              (no ring)
MPRegen  0.07/turn              (no ring)

@: no status effects
A: retaliatory headbutt, horns 2
a: no special abilities


You were on level 2 of the Dungeon.
You visited 1 branch of the dungeon, and saw 2 of its levels.

You collected 54 gold pieces.

Inventory:

Missiles
 c - 3 throwing nets (quivered)
Armour
 a - a +0 leather armour (worn)
 b - a +0 hat (worn)
Scrolls
 e - a scroll of amnesia {unknown}
 f - a scroll of fear {unknown}
 g - 2 scrolls of identify {unknown}
 h - a scroll of enchant armour {unknown}
Potions
 d - a potion of might {unknown}
 i - a potion of resistance {unknown}


   Skills:
 - Level 2.4 Fighting
 - Level 2.0 Throwing
 - Level 3.2 Dodging
 + Level 4.3 Unarmed Combat


You had one spell level left.
You didn't know any spells.
Your spell library was empty.

Dungeon Overview and Level Annotations

Branches:
Dungeon (2/15)

Altars:


Innate Abilities, Weirdness & Mutations

You reflexively headbutt those who attack you in melee.
You have a pair of horns on your head.


Message History

A gnoll comes into view. It is wielding a +0 club.
A gnoll is nearby!
A gnoll is nearby!
A gnoll is nearby!
The gnoll shouts!
A gnoll comes into view. It is wielding a +0 whip.
The gnoll shouts!
You barely miss the gnoll. Your headbutt misses the gnoll.
The gnoll hits you with a +0 club.
A gnoll comes into view. It is wielding a +0 whip.
You hit the gnoll but do no damage. The gnoll barely misses you.
You closely miss the gnoll. The gnoll hits you with a +0 club!
You are too injured to fight recklessly!
You are too injured to fight recklessly!
You are too injured to fight recklessly!
You are too injured to fight recklessly!
You are too injured to fight recklessly!
You are too injured to fight recklessly!
You are too injured to fight recklessly!
You are too injured to fight recklessly!
You are too injured to fight recklessly!
You are too injured to fight recklessly!
You are too injured to fight recklessly!
A kobold comes into view. It is wielding a +0 short sword.
You hit the gnoll.
The gnoll is moderately wounded.
The kobold shouts!
The gnoll completely misses you.
You hit the gnoll but do no damage.
The gnoll is moderately wounded.
You hit the gnoll.
The gnoll is moderately wounded.
You barely miss the gnoll. You headbutt the gnoll.
The gnoll is severely wounded.
The gnoll hits you with a +0 whip!
* * * LOW HITPOINT WARNING * * *
You hit the gnoll.
The gnoll is almost dead.
The gnoll hits you with a +0 whip!
You die...

..###.##.#..
#...........#.#..#
#..8..............
#.8_8. .........##
#.)8.. #.....r...#
....$.#.......[.#
............#..# #
..####.###.†..##..#.#
.......@ggg.........#
....$K######......#
..... #...#### ....
#g..# ### ...
#####..g##... ..
.##.........# ### .
...........###..
###.........#.#
####.....#..###


You could see 3 gnolls and a kobold.

Vanquished Creatures
  4 bats
  A giant cockroach (D:1)
  A goblin (D:1)
  2 hobgoblins
  3 frilled lizards (D:1)
  4 kobolds
  A rat (D:1)
16 creatures vanquished.

Notes
Turn   | Place    | Note
-------+----------+-------------------------------------------
     0 | D:1      | pkoi the Minotaur Gladiator began the quest for the Orb.
     0 | D:1      | Reached XP level 1. HP: 18/18 MP: 0/0
   345 | D:1      | Reached XP level 2. HP: 19/25 MP: 1/1
   454 | D:1      | Reached skill level 4 in Unarmed Combat
   994 | D:2      | Found a faded altar of an unknown god.
  1132 | D:2      | Slain by a gnoll

Illustrated notes

Levels and vault maps discovered:
D:1:      minmay_arrival_shattered_statue, layout_basic
D:2:      layout_loops_cross, regret_index_temple_of_mockery,
          nzn_wu_jian_council_hall, minitemple, chequers_ecumenical_altar_simple

Skill      XL: |  1  2 |
---------------+-------+-----
Unarmed Combat | 4 |  4.3
Fighting       | |  2.4
Throwing       | |  2.0
Dodging        | |  3.2

Action                   || total
-------------------------++-------
Melee: Unarmed           ||    49
       Headbutt          ||     5
Armor: Leather armour    ||     6
Dodge: Dodged            ||    25

Table legend: (Time is in decaauts)
 A = Elapsed time spent in this place.
 B = Non-inter-level travel time spent in this place.
 C = Inter-level travel time spent in this place.
 D = Time resting spent in this place.
 E = Time spent auto-exploring this place.
 F = Levels seen in this place.
 G = Mean time per level.
                   A        B        C        D        E       F      G
               +--------+--------+--------+--------+--------+-----+--------+
         Total |   1128 |   1100 |     28 |    236 |    734 |   2 |  564.0 |
       Dungeon |   1128 |   1100 |     28 |    236 |    734 |   2 |  564.0 |
               +--------+--------+--------+--------+--------+-----+--------+

Top non-repeatable levels by time:
     D:1: 970 daAuts
     D:2: 158 daAuts
